 Dungeon Crawl Stone Soup version 0.30-a0-140-gd1020e658a (webtiles) character file.

Game seed: 4328783455774520985

1110 Dreamer the Shield-Bearer (level 8, -19/62 HPs)
             Began as a Formicid Fighter on Sept 24, 2022.
             Demolished by an ogre
             ... wielding a +0 giant club
              (23 damage)
             ... on level 5 of the Dungeon.
             The game lasted 00:15:40 (5594 turns).

Dreamer the Shield-Bearer (Formicid Fighter)        Turns: 5594, Time: 00:15:41

Health: -19/62     AC: 12    Str: 22    XL:     8   Next: 59%
Magic:  8/8        EV:  8    Int:  9    God:
Gold:   168        SH:  6    Dex: 13    Spells: 7/7 levels left

rFire   . . .      SeeInvis +    a - +0 flail
rCold   . . .      Faith    .    c - +1 buckler
rNeg    . . .      Spirit   .    m - +0 chain mail
rPois   .          Reflect  .    (helmet unavailable)
rElec   .          Harm     .    (no cloak)
rCorr   .          Rampage  .    s - +2 pair of gloves
Will    .....                    (no boots)
Stlth   ..........               (no amulet)
HPRegen 0.20/turn                (no ring)
MPRegen 0.11/turn                (no ring)

@: no status effects
A: permanent stasis, dig shafts and tunnels, antennae 3, four strong arms
a: Dig, Shaft Self


You were on level 5 of the Dungeon.
You visited 2 branches of the dungeon, and saw 6 of its levels.
You also visited: Sewer.

You collected 168 gold pieces.

Inventory:

Hand Weapons
 a - a +0 flail (weapon)
Missiles
 f - 8 stones (quivered)
 i - 24 poisoned darts
 k - a throwing net
 q - 4 javelins
Armour
 c - a +1 buckler (worn)
 m - a +0 chain mail (worn)
 s - a +2 pair of gloves (worn)
Scrolls
 e - 3 scrolls of fear {unknown}
 g - 6 scrolls of identify {unknown}
 h - 3 scrolls of enchant armour
 j - 2 scrolls of fog {unknown}
 n - a scroll of noise {unknown}
 o - 2 scrolls of torment {unknown}
 p - 2 scrolls of magic mapping {unknown}
 r - a scroll of brand weapon {unknown}
 u - 2 scrolls of teleportation {unknown}
 x - 2 scrolls of poison {unknown}
 y - a scroll of silence {unknown}
 E - a scroll of immolation {unknown}
Potions
 b - a potion of resistance {unknown}
 d - 3 potions of might
 l - 2 potions of cancellation {unknown}
 t - 2 potions of curing
 v - 2 potions of brilliance
 w - a potion of haste {unknown}
 z - a potion of magic {unknown}
 A - a potion of invisibility {unknown}
 B - a potion of heal wounds {unknown}
 C - a potion of mutation {unknown}
 D - a potion of attraction {unknown}
 F - a potion of lignification {unknown}


   Skills:
 + Level 5.3 Fighting
 * Level 5.2 Maces & Flails
 * Level 4.2 Throwing
 + Level 4.8 Armour
 + Level 2.7 Dodging
 + Level 5.8 Shields


You had 7 spell levels left.
You didn't know any spells.
Your spell library contained the following spells:

 Spells                   Type           Power      Damage    Failure   Level
 Slow                     Hex            0%         N/A       98%         1
 Ensorcelled Hibernation  Hex/Ice        0%         N/A       99%         2
 Confusing Touch          Hex            0%         N/A       100%        3
 Spider Form              Tmut/Pois      0%         N/A       100%        3
 Vampiric Draining        Necr           0%         2d6       100%        3
 Anguish                  Hex/Necr       0%         N/A       100%        4


Dungeon Overview and Level Annotations

Branches:
Dungeon (5/15)             Temple (1/1) D:4           Sewer (visited)

Altars:
Ashenzari
Cheibriados
Dithmenos
Elyvilon
Fedhas
Gozag
Hepliaklqana
Kikubaaqudgha
Makhleb
Nemelex Xobeh
Okawaru
Ru
Sif Muna
Trog
Uskayaw
Vehumet
Wu Jian
Xom
Yredelemnul
Zin
The Shining One

Shops:
D:1 *


Innate Abilities, Weirdness & Mutations

You cannot be hasted, slowed, berserked, paralysed or teleported.
You can dig through walls and to a lower floor.
You have a pair of large antennae on your head. (SInv)
Your four strong arms can wield two-handed weapons with a shield.


Message History

You kill the hound!
You swing at nothing.
You now have 168 gold pieces (gained 14).
Okay, then.
There is a stone staircase leading up here.
You climb upwards.
There is a stone staircase leading down, spattered with blood here.
There is a stone staircase leading down here.
You climb downwards.
There is a stone staircase leading up here.
You see here a +0 helmet.
There is an open door here.
Things that are here:
a +0 ring mail; a +0 leather armour; a +0 trident
There is an open door, spattered with blood here.
Found a stone staircase leading down.
There is a large open door here.
There is a large open door here.
An ogre is nearby!
The ogre shouts!
You hit the ogre but do no damage. The ogre hits you with a +0 giant club!
You sock the ogre!
The ogre is moderately wounded.
The ogre hits you with a +0 giant club.
You hit the ogre but do no damage.
The ogre is moderately wounded.
The ogre hits you with a +0 giant club!
You hit the ogre.
The ogre is heavily wounded.
The ogre hits you with a +0 giant club!!
* * * LOW HITPOINT WARNING * * *
You hit the ogre.
The ogre is severely wounded.
The ogre hits you but does no damage.
You completely miss the ogre.
The ogre is severely wounded.
You completely miss the ogre.
The ogre is severely wounded.
The ogre hits you with a +0 giant club!!
You die...

###>....................#........
.....#####.##...........#........
.......#....#...........#........
.........####...........#........
.........####...........###'#..#.
#...))....O..O..........# #.#.##.
.....<..#############..####.#.##'
.##.#.....##..?.....##......#....
.##........#...O@...#####.###....
†##.^...............# #........
.##.....##..........######.......
.##........#....>................
..#....##..#............###....#.
.......##..##'##........# #....#.
...........##.##........###....##
................................#
.............#...........÷.......


You could see an ogre.

Vanquished Creatures
  2 black bears
  A kobold brigand (Sewer)
  2 scorpions (D:5)
  A howler monkey (D:5)
  2 vampire bats (D:3)
  7 hounds
  3 orc priests
  An iguana (D:4)
  An orc wizard (D:4)
  13 adders
  4 river rats (Sewer)
  A worm (D:2)
  4 dart slugs
  7 orcs
  11 bats
  5 endoplasms
  3 giant cockroaches
  5 goblins
  3 hobgoblins
  4 quokkas
  11 ball pythons
  6 frilled lizards
  19 kobolds
  18 rats
134 creatures vanquished.

Notes
Turn   | Place    | Note
-------+----------+-------------------------------------------
     0 | D:1      | Dreamer the Formicid Fighter began the quest for the Orb.
     0 | D:1      | Reached XP level 1. HP: 18/18 MP: 1/1
    51 | D:1      | Reached XP level 2. HP: 14/24 MP: 2/2
   300 | D:1      | Found Zehu Ras's Assorted Antiques.
   564 | D:2      | Reached XP level 3. HP: 25/30 MP: 3/3
  1012 | D:2      | Reached XP level 4. HP: 37/37 MP: 4/4
  1589 | D:3      | Reached skill level 1 in Throwing
  1594 | D:3      | Reached XP level 5. HP: 37/42 MP: 5/5
  1596 | D:3      | Reached skill level 1 in Dodging
  1714 | D:3      | Reached XP level 6. HP: 44/49 MP: 6/6
  1892 | D:3      | Found a faded altar of an unknown god.
  2290 | D:4      | Found a staircase to the Ecumenical Temple.
  2427 | D:4      | Found a glowing drain.
  2441 | Sewer    | Entered a sewer
  2798 | Sewer    | Reached skill level 5 in Shields
  2798 | Sewer    | Reached XP level 7. HP: 53/55 MP: 7/7
  3837 | D:5      | Entered Level 5 of the Dungeon
  4191 | Temple   | Entered the Ecumenical Temple
  4461 | D:4      | Reached XP level 8. HP: 21/61 MP: 8/8
  4683 | D:4      | Reached skill level 5 in Fighting
  4915 | D:5      | Reached skill level 5 in Maces & Flails
  5594 | D:5      | Demolished by an ogre

Illustrated notes

Levels and vault maps discovered:
D:1:      co_arrival_random_square_maze, layout_rooms, serial_shops, shop
D:2:      layout_basic
D:3:      layout_rooms, hellmonk_ecumenical_altar_leap_of_faith,
          roderic_batcave, minmay_misc_feat_five
D:4:      layout_loops_ring, minmay_temple_entry_wispy, portal_sewer_entry_d
D:5:      layout_basic, kennysheep_generic_room_14
Temple:   kilobyte_greek_temple

Skill      XL: |  1  2  3  4  5  6  7  8 |
---------------+-------------------------+-----
Fighting       | 4 5 |  5.3
Maces & Flails | 3 4 5 |  5.2
Throwing       | 1 2 3 4 |  4.2
Dodging        | 1 2 |  2.7
Armour         | 4 |  4.8
Shields        | 5 |  5.8

Action                   |  1- 3 |  4- 6 |  7- 9 || total
-------------------------+-------+-------+-------++-------
Melee: Flail             |    65 |   193 |   242 ||   500
Throw: Stone             |       |       |    27 ||    27
  Use: Scroll            |       |     1 |       ||     1
       Potion            |       |       |     2 ||     2
Armor: Scale mail        |     7 |       |       ||     7
       Chain mail        |    35 |   134 |   158 ||   327
Dodge: Dodged            |    24 |    99 |   105 ||   228
Block: Buckler           |    12 |    60 |    91 ||   163

Table legend: (Time is in decaauts)
 A = Elapsed time spent in this place.
 B = Non-inter-level travel time spent in this place.
 C = Inter-level travel time spent in this place.
 D = Time resting spent in this place.
 E = Time spent auto-exploring this place.
 F = Levels seen in this place.
 G = Mean time per level.
                   A        B        C        D        E       F      G
               +--------+--------+--------+--------+--------+-----+--------+
         Total |   5758 |   5493 |    265 |   1227 |   2322 |   7 |  822.6 |
       Dungeon |   4632 |   4411 |    221 |    933 |   2104 |   5 |  926.4 |
        Temple |    191 |    147 |     44 |      0 |    108 |   1 |  191.0 |
         Sewer |    934 |    934 |      0 |    294 |    110 |   1 |  934.0 |
               +--------+--------+--------+--------+--------+-----+--------+

Top non-repeatable levels by time:
     D:4: 1358 daAuts
     D:5: 1046 daAuts
     D:2: 1010 daAuts
   Sewer: 934 daAuts
     D:3: 657 daAuts
     D:1: 560 daAuts
  Temple: 191 daAuts
